 Dungeon Crawl Stone Soup version 0.27.1 (webtiles) character file.

Game seed: 18007346295613903827

799 Gwenloh the Chucker (level 7, -2/67 HPs)
             Began as a Troll Arcane Marksman on Aug 28, 2021.
             Slain by an orc warrior (6 damage)
             ... on level 7 of the Dungeon.
             The game lasted 00:23:35 (5062 turns).

Gwenloh the Chucker (Troll Arcane Marksman)         Turns: 5062, Time: 00:23:35

Health: -2/67      AC:  4    Str: 19    XL:     7   Next: 59%
Magic:  7/7        EV: 10    Int:  9    God:
Gold:   202        SH:  0    Dex: 12    Spells: 5/8 levels left

rFire    . . .     SeeInvis .   (no weapon)
rCold    . . .     Faith    .   (no shield)
rNeg     . . .     Spirit   .   p - +0 robe
rPois    .         Reflect  .   (helmet restricted)
rElec    .         Harm     .   (no cloak)
rCorr    .         Rampage  .   (gloves unavailable)
Will     .....                  (boots unavailable)
Stlth    +.........             (no amulet)
HPRegen  1.21/turn              (no ring)
MPRegen  0.10/turn              (no ring)

@: no status effects
A: large, unfitting armour, claws 3, regeneration 1, shaggy fur 1, tough skin 1
a: no special abilities


You were on level 7 of the Dungeon.
You visited 1 branch of the dungeon, and saw 5 of its levels.

You collected 202 gold pieces.

Inventory:

Hand Weapons
 a - a +0 flail
 l - a +0 whip
Missiles
 b - 4 large rocks
 c - 3 throwing nets
 d - 58 stones (quivered)
Armour
 p - a +0 robe (worn)
Scrolls
 e - 3 scrolls of teleportation {unknown}
 f - 4 scrolls of immolation
 j - a scroll of enchant armour {unknown}
 m - 2 scrolls of magic mapping {unknown}
 o - 3 scrolls of identify {unknown}
 t - a scroll of fear {unknown}
Potions
 g - 2 potions of might {unknown}
 h - a potion of heal wounds {unknown}
 i - 3 potions of lignification {unknown}
 k - 2 potions of curing {unknown}
 n - a potion of flight {unknown}
 q - 3 potions of attraction {unknown}
 r - a potion of degeneration {unknown}
 s - a potion of cancellation {unknown}


   Skills:
 + Level 3.3 Fighting
 + Level 2.4 Maces & Flails
 * Level 5.8 Throwing
 - Level 1.5 Dodging
 - Level 1.0 Spellcasting
 - Level 2.0 Hexes
 + Level 1.9 Translocations


You had 5 spell levels left.
You knew the following spells:

 Your Spells              Type           Power      Damage    Failure   Level
a - Corona                Hex            4%         N/A       16%         1
b - Blink                 Tloc           N/A        N/A       26%         2

Your spell library contained the following spells:

 Spells                   Type           Power      Damage    Failure   Level
 Slow                     Hex            4%         N/A       24%         2
 Shock                    Conj/Air       0%         1d3       36%         1
 Ensorcelled Hibernation  Hex/Ice        4%         N/A       36%         2
 Lesser Beckoning         Tloc           1%         N/A       45%         3
 Portal Projectile        Hex/Tloc       8%         N/A       45%         3
 Dazzling Flash           Conj/Hex       4%         N/A       58%         3
 Inner Flame              Hex/Fire       2%         N/A       58%         3
 Spider Form              Tmut/Pois      0%         N/A       73%         3
 Cause Fear               Hex            2%         N/A       85%         4
 Manifold Assault         Tloc           3%         N/A       99%         5
 Agony                    Necr           0%         N/A       100%        5
 Silence                  Hex/Air        1%         N/A       100%        5
 Shadow Creatures         Summ           N/A        N/A       100%        6


Dungeon Overview and Level Annotations

Branches:
Dungeon (4/15)
 Temple: D:4-7

Altars:
Ashenzari
Elyvilon
Xom
The Shining One

Shops:
D:4 *

Annotations:
D:4 1 runed translucent door, Crazy Yiuf, Natasha


Innate Abilities, Weirdness & Mutations

You are too large for most types of armour.
You have claws for hands.
Your natural rate of healing is unusually fast.
You are covered in fur. (AC +1)
You have tough skin. (AC +1)


Message History

An orc warrior opens the door.
There is an open door here.
The orc warrior hits you from afar with a +0 trident.
There is an open door here.
Casting: Corona (safe; 16% risk of failure)
Confirm with . or Enter, or press ? or * to list all spells.
Aiming: Corona (safe; 16% risk of failure)
Press: ? - help, Shift-Dir - straight line, f - orc warrior
Aim: an orc warrior, wielding a +0 trident and wearing a +0 plate armour (chance to affect: 37%)
The orc warrior is outlined in light.
The orc warrior hits you from afar with a +0 trident!
The orc warrior hits you with a +0 trident!
You claw the orc warrior!
The orc warrior is moderately wounded.
The orc warrior hits you with a +0 trident!
You scratch the orc warrior but do no damage.
The orc warrior is moderately wounded.
The orc warrior hits you with a +0 trident.
You scratch the orc warrior.
The orc warrior is moderately wounded.
The orc warrior hits you with a +0 trident.
You scratch the orc warrior.
The orc warrior is heavily wounded.
The orc warrior closely misses you.
You scratch the orc warrior.
The orc warrior is severely wounded.
The orc warrior hits you with a +0 trident!
You scratch the orc warrior.
The orc warrior is almost dead.
The orc warrior hits you with a +0 trident!
* * * LOW HITPOINT WARNING * * *
You barely miss the orc warrior.
The orc warrior is almost dead.
The orc warrior hits you with a +0 trident!
* * * LOW HITPOINT WARNING * * *
You scratch the orc warrior but do no damage.
The orc warrior is severely wounded.
The orc warrior stops glowing.
The orc warrior hits you with a +0 trident.
You die...

#.######............#####.##.#
##.## #...##.......#.....##.#
#...# ######.......#.....##.#
##.#.## #........#.....#...
##..#..## ##..##'###.....#.P.
#..###..## ##..##...##....#...
..## ##..## #.........#....##.#
.##...##..## #.........#........
##..#..##..#####@########......##
#..#.#..##.....#o###..####'#.....
.#._.#. ###....o.....#....o.....
#..#.#..##............#..o.#.....
##..#..+#..########..###.###.....
.##...##..........#'####.#.....##
..## ##...........#...o..#.....#
...###..'.........#......#.....+
....#...#.........##.#####.....##


You could see an orc warrior and an orc.

Vanquished Creatures
  A phantom (D:3)
  A gnoll sergeant (D:4)
  2 bullfrogs (D:7)
  A wyvern zombie (D:7)
  2 scorpions
  2 jellies (D:2)
  An iguana (D:7)
  2 orc wizards
  2 hound skeletons (D:4)
  8 gnolls (D:4)
  A howler monkey skeleton (D:4)
  3 adders
  A worm (D:2)
  2 dart slugs
  3 orcs
  5 ball pythons
  15 endoplasms
  2 giant cockroaches (D:4)
  8 goblins
  3 hobgoblins
  3 jackals (D:2)
  13 kobolds
  3 quokkas
  2 bats
  5 frilled lizards
  A jackal skeleton (D:4)
  6 rats
98 creatures vanquished.

Vanquished Creatures (others)
  A dart slug (D:3)
  An endoplasm (D:3)
  A jackal (D:3)
  A frilled lizard (D:3)
  A kobold (D:3)
  7 fungi
  5 plants (D:3)
  8 toadstools (D:2)
25 creatures vanquished.

Grand Total: 123 creatures vanquished

Notes
Turn   | Place    | Note
-------+----------+-------------------------------------------
     0 | D:1      | Gwenloh the Troll Arcane Marksman began the quest for the
                  | Orb.
     0 | D:1      | Reached XP level 1. HP: 18/18 MP: 1/1
   348 | D:1      | Reached skill level 2 in Throwing
   526 | D:1      | Reached skill level 1 in Fighting
   534 | D:1      | Reached XP level 2. HP: 27/27 MP: 2/2
  1315 | D:2      | Noticed a scorpion
  1319 | D:2      | Killed a scorpion
  1320 | D:2      | Reached skill level 3 in Throwing
  1320 | D:2      | Reached XP level 3. HP: 35/35 MP: 1/3
  1320 | D:2      | Reached XP level 4. HP: 42/42 MP: 1/4
  1637 | D:2      | Reached skill level 4 in Throwing
  1669 | D:2      | HP: 2/42 [acid (9)]
  1745 | D:2      | Reached XP level 5. HP: 49/49 MP: 5/5
  1802 | D:2      | Found a faded altar of an unknown god.
  1807 | D:2      | Got Plato's Papyrus of Weightlessness
  2202 | D:2      | Learned a level 2 spell: Blink
  2907 | D:3      | Found a broken altar of Ashenzari.
  2938 | D:3      | Found a shimmering altar of Xom.
  3465 | D:4      | Found Oclocw's Lightly-Used Armoury.
  3616 | D:4      | Found a runed translucent door.
  3617 | D:4      | Noticed Crazy Yiuf
  3647 | D:4      | Reached XP level 6. HP: 59/59 MP: 6/6
  3667 | D:3      | Reached skill level 1 in Maces & Flails
  3851 | D:4      | Reached skill level 5 in Throwing
  3851 | D:4      | Reached skill level 1 in Translocations
  3942 | D:4      | Reached XP level 7. HP: 40/67 MP: 7/7
  4095 | D:4      | Noticed Natasha
  4095 | D:4      | You fall into a shaft and drop 3 floors!
  4228 | D:7      | Found a glowing golden altar of the Shining One.
  4751 | D:7      | Found a white marble altar of Elyvilon.
  5061 | D:7      | HP: 3/67 [orc warrior (13)]
  5062 | D:7      | Slain by an orc warrior

Illustrated notes

Levels and vault maps discovered:
D:1:      dpeg_arrival_circle_labyrinth_c, layout_basic, serial_aquarium,
          aquarium_bridge_straight [aquarium_subvault_bridge,
          aquarium_subvault_window, aquarium_subvault_bridge,
          aquarium_subvault_wall], aquarium_bridge_square
          [aquarium_subvault_bridge, aquarium_subvault_wall,
          aquarium_subvault_bridge, aquarium_subvault_window],
          aquarium_window_1, aquarium_window_corridor_1, aquarium_view_2c,
          aquarium_pool_1, chequers_avenue, minmay_statues_item
D:2:      cheibrodos_fertilizer, layout_loops_corners,
          shapermc_ecumenical_altar_rom_forum
D:3:      layout_loops_ring, xom_confusion_cloud, ashenzari_conservatory_becter,
          serial_bayou_ford_a, minmay_misc_feat_columns, minivault_14,
          minmay_misc_feat_nine_boxes
D:4:      layout_basic, minmay_shop_damaged, uniq_crazy_yiuf_cottage,
          uniq_natasha
D:7:      layout_gridville, elyvilon_altar_1, tso_metal_star

Skill      XL: |  1  2  3  4  5  6  7 |
---------------+----------------------+-----
Throwing       | 2 3 4 5 |  5.8
Fighting       | 1 2 3 |  3.3
Maces & Flails | 1 2 |  2.4
Translocations | 1 |  1.9
Dodging        | |  1.5
Spellcasting   | |  1.0
Hexes          | |  2.0

Action                   |  1- 3 |  4- 6 |  7- 9 || total
-------------------------+-------+-------+-------++-------
Melee: Unarmed           |    30 |   174 |    71 ||   275
       Flail             |       |    40 |       ||    40
Throw: Stone             |    24 |   116 |    11 ||   151
       Large rock        |     2 |     7 |       ||     9
       Throwing net      |       |     1 |       ||     1
 Cast: Corona            |     1 |     9 |     8 ||    18
  Use: Scroll            |       |       |     1 ||     1
 Stab: Sleeping          |       |     1 |       ||     1
       Held in net/web   |       |     1 |       ||     1
Armor: Robe              |     3 |    53 |    12 ||    68
Dodge: Dodged            |    12 |   101 |    20 ||   133
